 Dungeon Crawl Stone Soup version 0.27-a0-1191-g601b473118 (webtiles) character file.

Game seed: 15027614208964621739

99 sizableburger the Grave Robber (level 4, 0/30 HPs)
             Began as a Merfolk Necromancer on May 23, 2021.
             Succumbed to a scorpion's poison
             ... on level 2 of the Dungeon.
             The game lasted 00:03:43 (2402 turns).

sizableburger the Grave Robber (MfNe)               Turns: 2402, Time: 00:03:43

Health: 0/30       AC:  3    Str:  8    XL:     4   Next: 72%
Magic:  2/8        EV: 12    Int: 15    God:
Gold:   82         SH:  0    Dex: 14    Spells: 8/9 levels left

rFire    . . .     SeeInvis .   (no weapon)
rCold    . . .     Faith    .   (no shield)
rNeg     . . .     Spirit   .   a - +0 robe
rPois    .         Reflect  .   h - +0 helmet
rElec    .         Harm     .   (no cloak)
rCorr    .         Rampage  .   (no gloves)
Will     .....                  (no boots)
Stlth    ++........             (no amulet)
HPRegen  0.10/turn              (no ring)
MPRegen  0.11/turn              (no ring)

@: mighty, lethally poisoned (0 -> -2), attractive
A: (nimble swimmer 2), mertail, wild magic 1, MP-powered wands
a: no special abilities


You were on level 2 of the Dungeon.
You visited 1 branch of the dungeon, and saw 2 of its levels.

You collected 82 gold pieces.

Inventory:

Missiles
 j - 5 silver boomerangs
 k - 15 stones (quivered)
Armour
 a - a +0 robe (worn)
 h - a +0 helmet (worn)
Scrolls
 c - 2 scrolls of identify
 d - a scroll of enchant armour
 i - a scroll of holy word {unknown}
Potions
 f - a potion of mutation


   Skills:
 + Level 1.3 Throwing
 - Level 2.6 Dodging
 - Level 2.1 Stealth
 + Level 3.2 Spellcasting
 + Level 4.0 Necromancy


You had 8 spell levels left.
You knew the following spells:

 Your Spells              Type           Power      Damage    Failure   Level
a - Pain                  Necr           76%        1d7       6%          1

Your spell library contained the following spells:

 Spells                   Type           Power      Damage    Failure   Level
 Animate Skeleton         Necr           38%        N/A       6%          1
 Vampiric Draining        Necr           9%         2d7       16%         3
 Animate Dead             Necr           9%         N/A       45%         4
 Agony                    Necr           19%        N/A       78%         5


Dungeon Overview and Level Annotations

Branches:
Dungeon (2/15)

Altars:


Innate Abilities, Weirdness & Mutations

((You are quick and stealthy near water. (Stealth+, EV+, Speed+++)))
Your lower body shifts to a powerful aquatic tail in water.
Your spells are a little harder to cast, but a little more powerful.
You expend magic power (3 MP) to strengthen your wands.


Message History

The scorpion writhes in agony.
* * * LOW HITPOINT WARNING * * *
You feel very sick. The scorpion closely misses you.
Casting: Pain (safe; 4% risk of failure)
Confirm with . or Enter, or press ? or * to list all spells.
Aiming: Pain (safe; 4% risk of failure)
Press: ? - help, Shift-Dir - straight line, f/p - scorpion
Aim: a scorpion (almost dead, chance to affect: 70%)
The scorpion writhes in agony.
You kill the scorpion!
* * * LOW HITPOINT WARNING * * *
You feel sick.
Your Throwing skill increases to level 1!
Your Spellcasting skill increases to level 3!
Your Necromancy skill increases to level 4!
You have reached level 4!
It was a potion of mutation.
You feel extremely strange.
You feel your magical essence link to the dungeon's wands.
You feel less in control of your magic.
* * * LOW HITPOINT WARNING * * *
You feel sick.
Unknown command.
It was a potion of attraction.
You feel attractive to monsters.
* * * LOW HITPOINT WARNING * * *
You feel sick.
It was a potion of might.
You feel very mighty all of a sudden.
* * * LOW HITPOINT WARNING * * *
You feel sick.
As you read the scroll labelled UGREHUTARO, it crumbles to dust.
It is a scroll of identify.
d - a scroll of enchant armour
* * * LOW HITPOINT WARNING * * *
You feel sick.
As you read the scroll labelled HEUBBUO HALUU, it crumbles to dust.
The air around you briefly surges with heat, but it dissipates.
It was a scroll of immolation.
You die...

.....# #.##
##........ .....#
#..# #..###### .....#
##.# #........ .....#
#.# ##.###### ######
########.#####.# #
#####
#..............# #
....#
#..............# #
....#
#...!..........#
....#
#...@[.........#
.†..#
#...†..........#
....#
#..............#
....#
#..............#
....#
#.(............#
....#
#..............######
....#
#....................
....###
##########.#......##.
......## #...#..#..#.


There were no monsters in sight!

Vanquished Creatures
  A scorpion (D:2)
  A worm (D:2)
  4 endoplasms
  3 giant cockroaches
  A goblin (D:2)
  2 hobgoblins (D:1)
  3 jackals (D:1)
  A quokka (D:1)
  7 ball pythons
  3 bats
  6 frilled lizards (D:1)
  4 kobolds
  2 rats (D:2)
38 creatures vanquished.

Vanquished Creatures (others)
  An adder (D:2)
1 creature vanquished.

Grand Total: 39 creatures vanquished

Notes
Turn   | Place    | Note
-------+----------+-------------------------------------------
     0 | D:1      | sizableburger the Merfolk Necromancer began the quest for
                  | the Orb.
     0 | D:1      | Reached XP level 1. HP: 13/13 MP: 3/3
   355 | D:1      | Reached XP level 2. HP: 14/19 MP: 0/5
  1110 | D:1      | Found a faded altar of an unknown god.
  1191 | D:1      | Reached XP level 3. HP: 21/24 MP: 2/6
  2388 | D:2      | Noticed a scorpion
  2397 | D:2      | Killed a scorpion
  2398 | D:2      | Reached skill level 1 in Throwing
  2398 | D:2      | Reached skill level 4 in Necromancy
  2398 | D:2      | Reached XP level 4. HP: 6/30 MP: 1/8
  2398 | D:2      | Gained mutation: You expend magic power (3 MP) to
                  | strengthen your wands. [potion of mutation]
  2398 | D:2      | Gained mutation: Your spells are a little harder to cast,
                  | but a little more powerful. [potion of mutation]
  2401 | D:2      | HP: 1/30 [poisoned by a scorpion]
  2402 | D:2      | Succumbed to a scorpion's poison

Illustrated notes

Levels and vault maps discovered:
D:1:      minmay_arrival_nine_rooms, layout_loops_ring,
          shapermc_ecumenical_altar_notcrosses
D:2:      layout_basic, lemuel_old_faithful

Skill      XL: |  1  2  3 |
---------------+----------+-----
Throwing       | 1 |  1.3
Spellcasting   | 3 |  3.2
Necromancy     | 4 |  4.0
Dodging        | |  2.6
Stealth        | |  2.1

Action                   |  1- 3 |  4- 6 || total
-------------------------+-------+-------++-------
Throw: Stone             |     1 |       ||     1
       Boomerang         |     1 |       ||     1
 Cast: Pain              |    77 |       ||    77
  Use: Potion            |       |     3 ||     3
       Scroll            |       |     2 ||     2
Armor: Robe              |     2 |       ||     2
Dodge: Dodged            |    13 |       ||    13

Table legend: (Time is in decaauts)
 A = Elapsed time spent in this place.
 B = Non-inter-level travel time spent in this place.
 C = Inter-level travel time spent in this place.
 D = Time resting spent in this place.
 E = Time spent auto-exploring this place.
 F = Levels seen in this place.
 G = Mean time per level.
                   A        B        C        D        E       F      G
               +--------+--------+--------+--------+--------+-----+--------+
         Total |   2399 |   2305 |     94 |    595 |   1469 |   2 | 1199.5 |
       Dungeon |   2399 |   2305 |     94 |    595 |   1469 |   2 | 1199.5 |
               +--------+--------+--------+--------+--------+-----+--------+

Top non-repeatable levels by time:
     D:1: 1696 daAuts
     D:2: 703 daAuts
